AoeStats
← AiM | Facu1414

Fortress

508050265Analyzed
4v4 RM · 10d ago on Sep 20, 2026· 22m 50s· 8 players
Game mode
Random Map
Map size
Huge
Population
200
Speed
Normal
Resources
Standard
Victory
Conquest
Starting age
Dark Age
Ending age
Imperial Age
RankedLock teamsTeams togetherTeam positionsShared explorationLock speedFull tech treeHidden civsTurbo modeCheats
Victory
Defeat
🇳🇱 Wei · Netherlands
1821
+5
🇩🇪 Sicilians · Germany
1821
+5
🇩🇪 Cumans · Germany
1812
+5
🇳🇱 Malians · Netherlands
1740
+8
🇦🇷 Vikings · Argentina
1551
-6
🇨🇱 Turks · Chile
1546
-6
🇨🇱 Spanish · Chile
1540
-6
🇹🇷 Goths · Türkiye
1502
-5
AiM | PoRRo
9:10 Feudal Age
12:51 Castle Age
10:40 Double-Bit Axe
11:11 Horse Collar
12:25 Loom
18:58 Bow Saw
18:52 Heavy Plow
21:29 Scale Barding Armor
NPG | FishCL
6:54 Feudal Age
10:53 Castle Age
9:39 Double-Bit Axe
18:39 Stone Mining
19:20 Loom
AiM | Facu1414
7:47 Feudal Age
11:35 Castle Age
9:56 Double-Bit Axe
10:25 Horse Collar
14:34 Loom
16:36 Bow Saw
17:47 Town Watch
18:04 Scale Mail Armor
18:14 Forging
18:06 Squires
17:52 Arson
19:26 Heavy Plow
19:34 Stone Mining
21:17 Chain Mail Armor
21:14 Gold Mining
22:30 Iron Casting
The Slayer
7:50 Feudal Age
9:03 Double-Bit Axe
11:26 Castle Age
9:16 Double-Bit Axe
9:21 Horse Collar
10:57 Scale Mail Armor
12:23 Bow Saw
13:02 Chain Mail Armor
17:33 Squires
Rex Caedis
6:17 Feudal Age
6:59 Double-Bit Axe
6:56 Horse Collar
10:04 Wheelbarrow
15:26 Castle Age
13:36 Stone Mining
13:58 Gold Mining
14:31 Fletching
14:35 Loom
17:18 Bodkin Arrow
20:38 Ballistics
21:11 Heavy Plow
21:58 Bow Saw
Hans the Waller
7:13 Feudal Age
11:04 Castle Age
8:56 Double-Bit Axe
10:42 Horse Collar
12:00 Bow Saw
12:22 Heavy Plow
19:23 Husbandry
20:18 Scale Barding Armor
20:33 Bloodlines
22:32 Wheelbarrow
21:46 Loom
21:47 Town Watch
22:18 Scale Barding Armor
Loki
7:00 Feudal Age
8:29 Loom
11:09 Castle Age
9:24 Double-Bit Axe
9:31 Horse Collar
12:02 Bow Saw
17:41 Wheelbarrow
20:32 Squires
21:41 Scale Mail Armor
21:51 Forging
Bohnski
7:32 Feudal Age
11:15 Castle Age
9:49 Double-Bit Axe
9:45 Horse Collar
11:32 Wheelbarrow
12:40 Heavy Plow
17:19 Bow Saw
19:49 Scale Mail Armor
20:03 Town Watch
22:59 Hand Cart
Connection lost

Rejoining the realm…

Still unreachable

The connection could not be restored.

Session expired

The server has moved on; the page needs a fresh start.